 Seeded DCSS version 0.24.1-14-gf8d2b509d9 (webtiles) character file.

Game seed: 12398309004814789253, levelgen mode: deterministic

4903 sahdkjhfkaj the Basher (level 10, -2/64 HPs)
             Began as a Gargoyle Monk on Oct 17, 2020.
             Was an Elder of the Shining One.
             Slain by a two-headed ogre
             ... wielding a +0 giant club
              (10 damage)
             ... on level 8 of the Dungeon.
             The game lasted 00:12:46 (7028 turns).

sahdkjhfkaj the Basher (Gargoyle Monk)              Turns: 7028, Time: 00:12:47

Health: -2/64      AC: 22    Str: 18    XL:     10   Next: 51%
Magic:  12/12      EV:  9    Int: 11    God:    the Shining One [****..]
Gold:   200        SH:  5    Dex: 12    Spells: 9/9 levels left

rFire    . . .     SeeInvis .   s - +0 flail
rCold    . . .     Gourm    .   k - +0 buckler
rNeg     + + +     Faith    +   j - +0 chain mail
rPois    ∞         Spirit   .   l - +0 hat
rElec    +         Reflect  .   v - +0 cloak
rCorr    .         Harm     .   (no gloves)
MR       .....                  x - +2 pair of boots
Stlth    ..........             q - amulet of faith
HPRegen  0.20/turn              (no ring)
MPRegen  0.13/turn              (no ring)

@: glowing
A: negative energy resistance 1, electricity resistance, unbreathing,
petrification resistance, rot immunity, AC +7
a: Divine Shield, Cleansing Flame, Renounce Religion


You were on level 8 of the Dungeon.
You worshipped the Shining One.
The Shining One was greatly pleased with you.
You were very hungry.

You visited 1 branch of the dungeon, and saw 8 of its levels.

You collected 450 gold pieces.
You spent 250 gold pieces at shops.

Inventory:

Hand Weapons
 s - a +0 flail (weapon)
 B - a +0 demon whip
Missiles
 d - 302 stones (quivered)
Armour
 j - a +0 chain mail (worn)
 k - a +0 buckler (worn)
 l - a +0 hat (worn)
 v - a +0 cloak (worn)
 x - a +2 pair of boots (worn)
Jewellery
 q - an amulet of faith (around neck)
Wands
 r - a wand of iceblast (17)
 y - a wand of enslavement (3)
 C - a wand of paralysis (1)
Scrolls
 h - 2 scrolls of enchant armour
 i - 2 scrolls of immolation
 n - a scroll of fear
 t - 4 scrolls of teleportation
 u - 3 scrolls of magic mapping
 w - a scroll of amnesia
 A - a scroll of remove curse
 D - a scroll of identify
Potions
 a - 2 potions of might {unknown}
 b - a potion of mutation {unknown}
 e - a potion of agility
 f - a potion of curing
 g - 2 potions of heal wounds {unknown}
 m - a potion of cancellation {unknown}
 o - 2 potions of berserk rage {unknown}
 p - a potion of haste {unknown}
 z - a potion of degeneration {unknown}
Comestibles
 c - 12 rations


   Skills:
 + Level 7.9 Fighting
 * Level 8.2 Maces & Flails
 + Level 8.0 Armour
 - Level 4.7 Dodging
 - Level 2.1 Stealth
 * Level 6.8 Shields
 + Level 3.2 Invocations


You had 9 spell levels left.
You didn't know any spells.
Your spell library was empty.

Dungeon Overview and Level Annotations

Branches:
Dungeon (8/15)             Temple (0/1) D:7
   Lair: D:8-11

Altars:
Elyvilon
Gozag
Makhleb
Vehumet
Zin
The Shining One

Shops:
D:4 *   D:7 *   D:8 !


Innate Abilities, Weirdness & Mutations

You are resistant to torment.
Your stone body is resilient. (AC +7)
You are immune to poison.
You resist negative energy. (rN+)
You are resistant to electric shocks. (rElec)
You can survive without breathing.
You are immune to petrification.
You are immune to rotting.


Message History

* * * LOW HITPOINT WARNING * * *
You block the kobold's attack.
You hit the two-headed ogre.
The two-headed ogre is severely wounded.
The big kobold barely misses you. The kobold hits you but does no damage.
You block the two-headed ogre's attack.
The two-headed ogre hits you with a +0 giant spiked club!
* * * LOW HITPOINT WARNING * * *
Unknown command.
As you read the scroll of fear, it crumbles to dust.
You assume a fearsome visage.
The big kobold looks frightened!
The kobold looks frightened!
The two-headed ogre resists with almost no effort.
You feel better.
The two-headed ogre hits you with a +0 giant club!
* * * LOW HITPOINT WARNING * * *
The two-headed ogre hits you but does no damage.
You feel better. The two-headed ogre barely misses you.
The two-headed ogre hits you with a +0 giant spiked club!
You die...

.................#
...........>...###
#...?.......####
##........###
##......<#
##......##
#.....<.#
#......## #
##....@.#..##
#.....O.....#
#.....).....#
#...........#
#.K..........#
...........K.#
#............#
.............#
∩.#..........# ##


You could see a two-headed ogre, a big kobold (fleeing) and a kobold (fleeing).

Vanquished Creatures
  Gastronok (D:8)
  A hornet (D:8)
  The ghost of Huri the Skirmisher, a novice GrFi (D:4)
  Grinder (D:4)
  Sigmund (D:3)
  2 hogs
  2 sky beasts
  2 orc warriors (D:6)
  An ice beast (D:5)
  A phantom (D:8)
  3 ogres
  A centaur (D:5)
  2 wyvern zombies
  2 bullfrogs
  3 scorpions
  5 killer bees
  2 crimson imps (D:7)
  5 hounds
  2 orc priests (D:6)
  8 orc wizards
  A centaur skeleton (D:6)
  Crazy Yiuf (D:4)
  2 bullfrog skeletons
  3 iguanas (D:6)
  4 worker ants
  2 hound skeletons
  A howler monkey zombie (D:6)
  10 adders
  3 gnolls (D:5)
  A howler monkey skeleton (D:4)
  An adder skeleton (D:6)
  2 adder zombies
  3 dart slugs
  A leopard gecko (D:1)
  12 orcs
  5 ball pythons
  8 giant cockroaches
  8 goblins
  11 hobgoblins
  6 jackals
  9 kobolds
  6 quokkas
  3 bats
  5 frilled lizards
  A jackal skeleton (D:4)
  2 leopard gecko zombies (D:5)
  3 rats
160 creatures vanquished.

Vanquished Creatures (collateral kills)
  Maurice (D:8)
1 creature vanquished.

Grand Total: 161 creatures vanquished

Notes
Turn   | Place    | Note
-------+----------+-------------------------------------------
     0 | D:1      | sahdkjhfkaj the Gargoyle Monk began the quest for the Orb.
     0 | D:1      | Reached XP level 1. HP: 14/14 MP: 1/1
   110 | D:1      | Reached skill level 1 in Armour
   194 | D:1      | Reached XP level 2. HP: 10/19 MP: 2/2
   649 | D:1      | Reached XP level 3. HP: 22/23 MP: 3/3
   896 | D:2      | Noticed a sky beast
   915 | D:1      | Killed a sky beast
   915 | D:1      | Reached XP level 4. HP: 24/30 MP: 4/4
   915 | D:1      | Reached XP level 5. HP: 28/34 MP: 5/5
  1153 | D:2      | Found an opulent altar of Gozag.
  1610 | D:3      | Reached XP level 6. HP: 25/39 MP: 6/6
  1861 | D:3      | Found a glowing golden altar of the Shining One.
  1931 | D:3      | Became a worshipper of the Shining One
  1931 | D:3      | Reached * piety under the Shining One
  1931 | D:3      | Reached ** piety under the Shining One
  2005 | D:3      | Found Zin's Purification Station.
  2005 | D:3      | Found a glowing silver altar of Zin.
  2011 | D:3      | Noticed Sigmund
  2014 | D:3      | Bought a potion of curing for 90 gold pieces
  2021 | D:3      | Killed Sigmund
  2021 | D:3      | Reached skill level 5 in Fighting
  2202 | D:4      | Reached skill level 5 in Armour
  2271 | D:4      | Reached XP level 7. HP: 44/44 MP: 7/7
  2308 | D:4      | Noticed Grinder
  2346 | D:4      | Killed Grinder
  2423 | D:4      | Found a runed translucent door.
  2424 | D:4      | Noticed Crazy Yiuf
  2475 | D:4      | Found Oneghaaz's Assorted Antiques.
  2497 | D:4      | Reached skill level 5 in Maces & Flails
  3057 | D:4      | Reached XP level 8. HP: 48/51 MP: 8/8
  3239 | D:4      | Found a runed translucent door.
  3239 | D:4      | Noticed Huri's ghost (novice GrFi)
  3273 | D:4      | Killed Huri's ghost
  3400 | D:4      | Killed Crazy Yiuf
  3443 | D:5      | Entered Level 5 of the Dungeon
  3652 | D:5      | Found a white marble altar of Elyvilon.
  3688 | D:5      | Reached *** piety under the Shining One
  3923 | D:6      | Reached skill level 1 in Shields
  3959 | D:6      | Reached XP level 9. HP: 54/57 MP: 9/9
  4870 | D:7      | Reached **** piety under the Shining One
  4881 | D:7      | Found a staircase to the Ecumenical Temple.
  5147 | D:7      | Found a burning altar of Makhleb.
  5147 | D:7      | Found a radiant altar of Vehumet.
  5227 | D:7      | Found Gunimm's Lightly-Used Armoury.
  5235 | D:7      | Bought a -1 demon whip for 160 gold pieces
  5612 | D:8      | Noticed Gastronok
  5690 | D:8      | Noticed Maurice
  5690 | D:8      | Noticed a hornet
  5719 | D:8      | Paralysed by Maurice for 7 turns
  5723 | D:8      | Killed Maurice
  5723 | D:8      | Reached skill level 5 in Shields
  5723 | D:8      | Reached skill level 1 in Invocations
  5741 | D:8      | Killed Gastronok
  5741 | D:8      | Reached XP level 10. HP: 48/64 MP: 9/12
  5754 | D:8      | Killed a hornet
  6418 | D:8      | Noticed a two-headed ogre
  7012 | D:8      | Found Gyur's Distillery.
  7024 | D:8      | HP: 3/64 [two-headed ogre/+0 giant club (11)]
  7027 | D:8      | HP: 1/64 [two-headed ogre/+0 giant club (9)]
  7028 | D:8      | Slain by a two-headed ogre

Levels and vault maps discovered:
D:1:      minmay_arrival_loop, layout_rooms
D:2:      layout_rooms, grunt_gozag_statues, first_ration, hangedman_glass_teeth
D:3:      layout_rooms, zin_purify, lemuel_doored_altar, uniq_sigmund
D:4:      layout_basic, serial_shops, nicolae_shop_waterfront,
          ebering_ghost_reflecting_pool, uniq_grinder, uniq_crazy_yiuf_cottage
D:5:      layout_basic, elyvilon_altar_5
D:6:      layout_gridville
D:7:      layout_loops_ring, grunt_temple_overflow_lords_of_destruction,
          minmay_temple_entry_junction, minmay_shop_damaged
D:8:      layout_cave_pods, serial_shops, nicolae_shop_stone, grunt_livestock,
          uniq_gastronok, uniq_maurice

Skill      XL: |  1  2  3  4  5  6  7  8  9 10 |
---------------+-------------------------------+-----
Armour         | 1 2 4 5 6 7 8 |  8.0
Fighting       | 4 5 6 7 |  7.9
Maces & Flails | 4 5 7 8 |  8.2
Dodging        | 3 4 |  4.7
Shields        | 2 6 |  6.8
Invocations    | 2 3 |  3.2
Stealth        | |  2.1

Action                   |  1- 3 |  4- 6 |  7- 9 | 10-12 || total
-------------------------+-------+-------+-------+-------++-------
Melee: Mace              |    96 |   104 |       |       ||   200
       Flail             |       |    28 |   389 |    95 ||   512
Invok: Cleansing Flame   |       |       |       |     1 ||     1
Evoke: Wand              |       |       |     4 |       ||     4
  Use: Scroll            |       |     2 |     8 |     1 ||    11
       Potion            |       |       |       |     2 ||     2
  Eat: Chunk             |       |     1 |     9 |     3 ||    13
       Ration            |       |     1 |     1 |       ||     2
Armor: Robe              |    13 |       |       |       ||    13
       Chain mail        |    58 |   161 |   361 |   120 ||   700
Dodge: Dodged            |    66 |    79 |   209 |    87 ||   441
Block: Buckler           |       |       |    49 |    61 ||   110
